 Dungeon Crawl Stone Soup version 0.18-a0-1628-g61c6396 (webtiles) character file.

3860 Espgualade the Destroyer (level 10, -4/59 HPs)
             Began as a Tengu Ice Elementalist on Mar 25, 2016.
             Was a Believer of Vehumet.
             Slain by a troll (15 damage)
             ... on level 9 of the Dungeon.
             The game lasted 00:30:59 (9520 turns).

Espgualade the Destroyer (Tengu Ice Elementalist)   Turns: 9520, Time: 00:30:59

Health: -4/59      AC: 12    Str:  8    XL:     10   Next: 18%
Magic:  17/23      EV: 17    Int: 20    God:    Vehumet [**....]
Gold:   570        SH:  3    Dex: 16    Spells: 5 memorised, 11 levels left

rFire  . . .     SeeInvis .     u - +2 spear (venom)
rCold  . . .     Gourm    .     E - +1 robe {rN+}
rNeg   + + .     Faith    .     A - +0 buckler
rPois  +         Spirit   .     (helmet restricted)
rElec  .         Dismiss  .     z - +1 cloak
rCorr  .         Reflect  .     y - +0 pair of gloves
SustAt .         Harm     .     (boots unavailable)
MR     .....                    (no amulet)
Stlth  +++.......               J - ring of poison resistance
                                d - ring of positive energy

@: icy armour, flying quickly and evasively, not resistant to hostile
enchantments, fairly stealthy
A: beak, talons 3, thin skeletal structure 1, able to fly 1
a: Renounce Religion


You were on level 9 of the Dungeon.
You worshipped Vehumet.
Vehumet was pleased with you.
You were very hungry.

You visited 2 branches of the dungeon, and saw 10 of its levels.

You collected 570 gold pieces.

Inventory:

Hand Weapons
 e - a +3 quarterstaff of chaos
 i - a +0 hand axe of draining
 m - a +1 flail of crushing
 u - a +2 spear of venom (weapon)
 F - a +2 whip of flaming
 G - a +2 mace of protection
Armour
 y - a +0 pair of gloves (worn)
 z - a +1 cloak (worn)
 A - a +0 buckler (worn)
 E - a +1 robe of positive energy (worn)
Magical Staves
 B - an uncursed staff of energy {unknown}
Jewellery
 c - an uncursed ring of magical power
 d - a ring of positive energy (left hand)
 h - an uncursed amulet of faith
 p - a +3 ring of dexterity
 J - a ring of poison resistance (right hand)
 L - an uncursed ring of wizardry {unknown}
Wands
 f - a wand of slowing (33/48)
 g - a wand of disintegration (4/24)
 x - a wand of lightning (0/15)
 O - a wand of confusion (23/48)
Scrolls
 j - 2 scrolls of teleportation
 n - 2 scrolls of recharging
 t - a scroll of fog
 v - a scroll of identify
 C - a scroll of remove curse
 K - 2 scrolls of amnesia
 N - 2 scrolls of immolation {unknown}
Potions
 l - a potion of brilliance {unknown}
 o - a potion of lignification {unknown}
 r - a potion of cancellation {unknown}
 s - a potion of berserk rage
 M - a potion of flight
 P - a potion of agility {unknown}
Books
 b - a book of Frost

   Spells                             Type                      Level
   a - Freeze                         Ice                          1
   b - Throw Frost                    Conjuration/Ice              2
   c - Ozocubu's Armour               Charms/Ice                   3
   d - Throw Icicle                   Conjuration/Ice              4
   e - Summon Ice Beast               Ice/Summoning                4
 w - a book of Beasts

   Spells                             Type                      Level
   a - Summon Butterflies             Summoning                    1
   b - Call Canine Familiar           Summoning                    3
   c - Summon Ice Beast               Ice/Summoning                4
   d - Summon Mana Viper              Hexes/Summoning              5
   e - Summon Hydra                   Summoning                    7
 D - a book of Enchantments

   Spells                             Type                      Level
   a - Cause Fear                     Hexes                        4
   b - Yara's Violent Unravelling     Hexes/Transmutation          5
   c - Silence                        Hexes/Air                    5
   d - Deflect Missiles               Charms/Air                   6
   e - Haste                          Charms                       6
   f - Discord                        Hexes                        8
Comestibles
 k - 2 fruits
 q - a meat ration
 H - 3 bread rations
 I - 6 beef jerkies


   Skills:
 - Level 5.1 Fighting
 - Level 5.2 Dodging
 - Level 2.0 Stealth
 - Level 8.0 Spellcasting
 + Level 8.8 Conjurations
 + Level 6.6 Ice Magic


You had 11 spell levels left.
You knew the following spells:

 Your Spells              Type           Power        Failure   Level  Hunger
a - Freeze                Ice            ####         1%          1    None
b - Throw Frost           Conj/Ice       #####.       1%          2    None
c - Ozocubu's Armour      Chrm/Ice       ###.....     14%         3    None
d - Throw Icicle          Conj/Ice       #####...     8%          4    ###....
e - Summon Ice Beast      Ice/Summ       ###.....     38%         4    ###....


Dungeon Overview and Level Annotations

Branches:
Dungeon (9/15)             Temple (1/1) D:4
   Lair: D:8-11         Orc: D:9-12

Altars:
Ashenzari
Cheibriados
Dithmenos
Elyvilon
Fedhas
Gozag
Kikubaaqudgha
Makhleb
Nemelex Xobeh
Okawaru
Pakellas
Qazlal
Ru
Sif Muna
Trog
Vehumet
Xom
Yredelemnul
Zin
The Shining One

Annotations:
D:4 Sigmund


Innate Abilities, Weirdness & Mutations

You have a beak for a mouth.
You have claws for feet.
You can fly.
You have a somewhat thin skeletal structure (Dex +2, Stealth).


Message History

Aim: a troll (lightly wounded, poisoned)
You freeze the troll.
The troll is moderately wounded.
The troll bites you but does no damage. You block the troll's attack. x2
You are feeling very hungry.
Drink which item? (? for menu, Esc to quit)
You're too hungry to go berserk.
You hit the troll.
The troll looks even sicker.
You claw the troll, but do no damage.
The troll is moderately wounded.
The troll closely misses you. The troll claws you.
* * * LOW HITPOINT WARNING * * *
The troll claws you but does no damage.
Drink which item? (? for menu, Esc to quit)
You're too hungry to go berserk.
Drink which item? (? for menu, Esc to quit)
It was a potion of flight.
You feel more buoyant. The troll bites you!
You die...

#.##..........#
#.##.#######..### #.##.# #>....
#.# #.##.# ##.### #.# #.##.#
#.# #.# #.##.# #.# #.# #.##.#
#.# #.#####.##.# #.#
#.#.?.@T...# #.#
###########.#.###.###########.#
....................>.........#
#############.#################
#.# #.# #[# #.# #######.#


You could see a troll.

Vanquished Creatures
  Pikel (D:6)
  A troll (D:9)
  2 hungry ghosts
  An ice beast (D:8)
  2 slaves (D:6)
  A phantom (D:5)
  An eye of draining (D:9)
  A centaur (D:6)
  9 ogres
  2 orc warriors (D:8)
  A big kobold (D:8)
  4 giant frogs
  3 howler monkeys
  2 crimson imps
  A centaur zombie (D:6)
  2 orc priests (D:6)
  A giant frog zombie (D:7)
  2 hounds
  4 jellies
  7 orc wizards
  Crazy Yiuf (D:5)
  A gnoll shaman (D:5)
  2 iguanas
  6 worker ants
  A hound zombie (D:7)
  A worker ant zombie (D:7)
  Robin (D:4)
  10 gnolls
  7 adders
  3 shadow imps
  3 oozes
  3 worms
  2 dart slugs
  6 giant geckos
  32 orcs
  3 bats
  3 giant cockroaches
  11 goblins
  7 hobgoblins
  6 jackals
  3 quokkas
  2 giant gecko zombies
  3 giant newts
  14 kobolds
  A quokka skeleton (D:5)
  6 rats
186 creatures vanquished.

Vanquished Creatures (others)
  A human (D:3)
1 creature vanquished.

Grand Total: 187 creatures vanquished

Notes
Turn   | Place    | Note
--------------------------------------------------------------
     0 | D:1      | Espgualade the Tengu Ice Elementalist began the quest for the Orb.
     0 | D:1      | Reached XP level 1. HP: 10/10 MP: 4/4
    42 | D:1      | Reached skill level 1 in Fighting
    85 | D:1      | Reached XP level 2. HP: 10/16 MP: 0/6
   557 | D:1      | Reached XP level 3. HP: 18/22 MP: 4/7
   999 | D:2      | Learned a level 2 spell: Throw Frost
  1003 | D:2      | Learned a level 3 spell: Ozocubu's Armour
  1714 | D:3      | Reached XP level 4. HP: 10/28 MP: 6/8
  2145 | D:3      | Found a faded altar to an unknown god.
  2379 | D:3      | Found an ancient bone altar of Kikubaaqudgha.
  2380 | D:3      | Noticed a human
  2383 | D:3      | Killed a human
  2506 | D:4      | Noticed Robin
  2511 | D:4      | Gained mutation: You can fly. [Tengu growth]
  2511 | D:4      | Reached XP level 5. HP: 30/34 MP: 9/9
  2539 | D:4      | Killed Robin
  2568 | D:4      | Reached skill level 5 in Fighting
  2685 | D:4      | Noticed an ogre
  2710 | D:4      | Killed an ogre
  2710 | D:4      | Reached XP level 6. HP: 37/40 MP: 2/10
  3053 | D:4      | Noticed Sigmund
  3178 | D:4      | Reached skill level 5 in Dodging
  3369 | D:4      | Found a staircase to the Ecumenical Temple.
  3378 | Temple   | Entered the Ecumenical Temple
  3502 | Temple   | Became a worshipper of Vehumet
  3574 | D:5      | Entered Level 5 of the Dungeon
  3613 | D:5      | Reached XP level 7. HP: 22/44 MP: 11/11
  4116 | D:5      | Gained mutation: Armour fits poorly on your strangely shaped body. [potion of mutation]
  4116 | D:5      | Gained mutation: You have a somewhat thin skeletal structure (Dex +2, Stealth). [potion of mutation]
  4116 | D:5      | Lost mutation: Armour fits poorly on your strangely shaped body. [potion of mutation]
  4188 | D:5      | Noticed Crazy Yiuf
  4200 | D:5      | Killed Crazy Yiuf
  4944 | D:5      | Found a sacrificial altar of Ru.
  5174 | D:5      | Learned a level 4 spell: Throw Icicle
  5205 | D:6      | Reached XP level 8. HP: 40/49 MP: 11/13
  5713 | D:6      | Reached skill level 5 in Spellcasting
  5721 | D:6      | Reached * piety under Vehumet
  5721 | D:6      | Offered knowledge of Sting by Vehumet.
  6290 | D:6      | Noticed Pikel
  6564 | D:6      | Killed Pikel
  6564 | D:6      | Reached XP level 9. HP: 39/54 MP: 9/20
  6702 | D:7      | Learned a level 4 spell: Summon Ice Beast
  7207 | D:7      | Reached skill level 5 in Conjurations
  7736 | D:7      | Offered knowledge of Throw Flame by Vehumet.
  7748 | D:7      | Reached ** piety under Vehumet
  7873 | D:7      | Reached skill level 5 in Ice Magic
  8626 | D:8      | Found a snail-covered altar of Cheibriados.
  9066 | D:8      | Reached XP level 10. HP: 59/59 MP: 16/23
  9202 | D:8      | Offered knowledge of Stone Arrow by Vehumet.
  9520 | D:9      | Slain by a troll

Vault maps used:
D:1:      dpeg_arrival_tiny_d, minmay_misc_feat_iff
D:2:      minmay_misc_feat_secret_circle
D:3:      ecumenical_altar_2, tgw_kikubaaqudgha
D:4:      minmay_temple_entry_grid, first_bread, kennysheep_potato,
          uniq_sigmund, uniq_robin
D:5:      marbit_many_paths, uniq_crazy_yiuf_cottage
D:6:      minmay_misc_feat_diagonals, uniq_pikel
D:7:      grunt_ogre_cave
D:8:      slow_altar_2
Temple:   kilobyte_greek_temple_18

Skill      XL: |  1  2  3  4  5  6  7  8  9 |
---------------+----------------------------+-----
Fighting       | 1 2 3 4 5 |  5.1
Dodging        | 3 5 |  5.2
Conjurations   | 2 4 8 |  8.8
Ice Magic      | 4 6 |  6.6
Spellcasting   | 7 8 |  8.0
Stealth        | |  2.0

Action                   |  1- 3 |  4- 6 |  7- 9 | 10-12 || total
-------------------------+-------+-------+-------+-------++-------
Melee: Dagger            |    35 |       |       |       ||    35
       Unarmed           |     5 |       |       |       ||     5
       Spear             |    21 |   106 |   304 |    67 ||   498
 Cast: Freeze            |    34 |    21 |    38 |    13 ||   106
       Throw Frost       |       |     4 |    43 |     4 ||    51
       Ozocubu's Armour  |       |     3 |     9 |     3 ||    15
       Throw Icicle      |       |       |     2 |       ||     2
 Abil: Fly               |       |       |     1 |     2 ||     3
Evoke: Wand              |       |       |    10 |       ||    10
  Use: Scroll            |     2 |     7 |     2 |       ||    11
       Potion            |     1 |     3 |     3 |     3 ||    10
 Stab: Sleeping          |     2 |     4 |     9 |       ||    15
       Invisible         |       |     5 |       |       ||     5
       Distracted        |       |       |     2 |       ||     2
  Eat: Chunk             |     2 |     2 |    12 |     2 ||    18
       Bread ration      |       |     2 |     1 |       ||     3
       Pizza             |       |       |     2 |       ||     2
       Meat ration       |       |       |     1 |       ||     1
